 Dungeon Crawl Stone Soup version 0.30-a0-802-gb92711bcdf (webtiles) character file.

Game seed: 4989123219182371840

8919 KennySheep the Slicer (level 11, 0/97 HPs)
             Began as an Armataur Brigand on Feb 24, 2023.
             Was a Priest of Wu Jian.
             Killed by divine providence
             ... invoked by a smoke demon
             ... summoned by an obsidian statue
              (13 damage)
             ... in a volcano on Feb 25, 2023.
             The game lasted 00:35:43 (10655 turns).

KennySheep the Slicer (Armataur Brigand)           Turns: 10655, Time: 00:35:43

Health: 0/97       AC: 12    Str: 16    XL:     11   Next: 16%
Magic:  2/2        EV:  5    Int: 24    God:    Wu Jian [***...]
Gold:   394        SH: 11    Dex: 16    Spells: 10/10 levels left

rFire   . . .      SeeInvis .    o - +6 rapier "Lokyt" {freeze, *Corrode Fragile Int+9 Stlth+}
rCold   + + .      Faith    .    i - +0 kite shield
rNeg    + . .      Spirit   .    y - +0 swamp dragon scales
rPois   +          Reflect  .    s - +1 hat {Stlth+}
rElec   .          Harm     .    c - +0 cloak
rCorr   +          Roll     +    (no gloves)
Will    .....      NoTele   +    G - +0 barding "Xid Rofidghe" {-Tele rPois rC+ rCorr}
Stlth   ++++++                   (no amulet)
HPRegen 0.36/turn                q - ring of positive energy
MPRegen 0.08/turn                r - ring "Mizxuz" {rPois rC+ MP-9 Int+3 Slay+3}

@: mighty, corroded, mesmerised
A: large, rugged brown scales 3, deformed body, armoured tail, roll, long
tongue, awkward tongue
a: Renounce Religion, Wall Jump, Serpent's Lash


You were in a volcano.
You worshipped Wu Jian.
Wu Jian was most pleased with you.
You visited 3 branches of the dungeon, and saw 12 of its levels.
You also visited: Bailey and Volcano.

You collected 554 gold pieces.
You spent 160 gold pieces at shops.

Inventory:

Hand Weapons
 a - a +2 dagger
 b - a +1 dagger of venom
 o - the +6 rapier "Lokyt" (weapon) {freeze, *Corrode Fragile Int+9 Stlth+}
   (You found it on level 5 of the Dungeon)

   Int:       It affects your intelligence (+9).
   *Corrode:  It may corrode you when you take damage.
   Fragile:   It will be destroyed if unequipped.
   Stlth:     It makes you more stealthy.
Missiles
 d - 19 poisoned darts (quivered)
 e - 3 curare-tipped darts
 m - a throwing net
Armour
 c - a +0 cloak (worn)
 i - a +0 kite shield (worn)
 j - a +0 robe
 s - a +1 hat of stealth (worn)
 y - +0 swamp dragon scales (worn)
 G - the +0 barding "Xid Rofidghe" (worn) {-Tele rPois rC+ rCorr}
   (You acquired it on level 1 of the Lair of Beasts)

   rC:        It protects you from cold.
   rPois:     It protects you from poison.
   -Tele:     It prevents most forms of teleportation.
   rCorr:     It protects you from acid and corrosion.
Jewellery
 q - a ring of positive energy (left hand)
 r - the ring "Mizxuz" (right hand) {rPois rC+ MP-9 Int+3 Slay+3}
   (You found it on level 3 of the Dungeon)

   [ring of poison resistance]

   Int:       It affects your intelligence (+3).
   Slay:      It affects your accuracy & damage with ranged weapons and melee
   (+3).
   rC:        It protects you from cold.
   rPois:     It protects you from poison.
   MP:        It affects your magic capacity (-9).
Wands
 h - a wand of roots (4)
 u - a wand of flame (19)
 C - a wand of acid (2)
 D - a wand of digging (3)
Scrolls
 f - 3 scrolls of magic mapping
 v - a scroll of vulnerability
 w - a scroll of amnesia
 x - a scroll of immolation
 A - a scroll of teleportation
 E - a scroll of poison
 F - a scroll of brand weapon {unknown}
 I - a scroll of enchant weapon
Potions
 g - 2 potions of flight
 k - 2 potions of haste
 l - 3 potions of curing
 n - a potion of invisibility {unknown}
 t - 3 potions of attraction
 z - 2 potions of cancellation
 B - a potion of might
 H - 2 potions of mutation {unknown}
 J - a potion of heal wounds {unknown}


   Skills:
 + Level 6.9 Fighting
 * Level 9.9 Short Blades
 - Level 1.7 Throwing
 + Level 6.8 Armour
 - Level 0.6 Dodging
 + Level 9.9 Stealth
 + Level 7.9 Shields


You had 10 spell levels left.
You didn't know any spells.
Your spell library contained the following spells:

 Spells                   Type           Power      Damage    Failure   Level
 Frozen Ramparts          Ice            0%         1d1       83%         3
 Ice Form                 Ice/Tmut       0%         N/A       99%         4
 Summon Ice Beast         Ice/Summ       0%         N/A       99%         4
 Freezing Cloud           Conj/Ice/Air   0%         6-21      100%        5
 Simulacrum               Ice/Necr       0%         N/A       100%        6
 Polar Vortex             Ice            0%         N/A       100%        9


Dungeon Overview and Level Annotations

Branches:
Dungeon (10/15)            Temple (1/1) D:5            Lair (1/5) D:8
    Orc (0/2) D:10         Bailey (visited)         Volcano (1/1)

Altars:
Ashenzari
Cheibriados
Dithmenos
Elyvilon
Fedhas
Gozag
Hepliaklqana
Kikubaaqudgha
Makhleb
Nemelex Xobeh
Okawaru
Qazlal
Ru
Uskayaw
Vehumet
Wu Jian
Xom
Yredelemnul
Zin
The Shining One

Shops:
D:1 *

Annotations:
D:6 exclusion: oklob plant
D:9 jlumianski's ghost, journeyman DsFi
Temple 2 transporters Volcano exclusion: obsidian statue


Innate Abilities, Weirdness & Mutations

You are completely covered in rugged brown scales. (AC +3, +7% HP)
Armour fits poorly on your strangely shaped body.
You have a long armoured tail.
You roll when moving toward enemies. (Rampage)
Your long tongue fully drains potion bottles. (2x potion effects)
Your tongue gives you trouble enunciating. (1.5x scroll delay)


Message History

The ynoxinul gestures at you. The iron shot hits you!
You hit the obsidian statue but do no damage.
The obsidian statue is lightly damaged.
The white imp gestures at you.
The puff of frost hits you but does no damage.
The ogre mage hits you from afar with a +2 spear of flaming.
The ogre mage burns you.
You hit the obsidian statue. You tail-slap the obsidian statue.
The obsidian statue is moderately damaged.
The obsidian statue's eyes glow briefly.
The ynoxinul gestures at you. The iron shot hits you!!
* * * LOW HITPOINT WARNING * * *
You block the white imp's attack.
Okay, then.
As you slowly read the scroll of fear, it crumbles to dust.
You assume a fearsome visage.
The hell knight looks frightened!
The ogre mage resists with some effort.
The two-headed ogre looks frightened!
The obsidian statue is unaffected.
The iron imp looks frightened!
The white imp looks frightened! x2; The ynoxinul looks frightened!
The hellwing looks frightened!
The hell knight utters an invocation to its god.
The hell knight blinks!
You block the ogre mage's attack.
The obsidian statue's eyes glow briefly.
The two-headed ogre is engulfed in poison gas.
The two-headed ogre is poisoned.
You cannot move away from the obsidian statue!
Okay, then.
You slurp down every last drop of the potion of might!
You feel very mighty all of a sudden.
The ogre mage hits you from afar with a +2 spear of flaming!
* * * LOW HITPOINT WARNING * * *
The ogre mage burns you.
* * * LOW HITPOINT WARNING * * *
The two-headed ogre is engulfed in poison gas.
The two-headed ogre looks even sicker.
The smoke demon gestures at you. Something smites you!
You die...

########### ###
#≈#≈#≈#☼#☼# p∩##
#≈#≈#≈#☼#☼# )$)#
###≈#≈#≈#○#☼# !_!#
#8#......○○5##[!§#
#..#≈#≈#≈#☼#§#.§3#
#.##≈#≈#≈#☼#.#.§5#
#.##≈#≈#≈#☼#@3O54#
#..##########8)§##
##........# #####
########'# ##..#
#.# ##...## ##.##
##.....###8.8#
##...≈≈..##...#
#...§§≈≈......##


You could see an obsidian statue (mesmerising), an ogre mage, a hellwing
(summoned, fleeing), a smoke demon (summoned), a ynoxinul (summoned, fleeing),
an iron imp (summoned, fleeing) and 2 white imps.

Vanquished Creatures
  2 two-headed ogres
  A kobold demonologist (D:8)
  Maggie (D:6)
  A hornet (D:9)
  4 spriggans (Bailey)
  A wraith (D:9)
  3 yaks (D:8)
  A wyvern (D:8)
  7 fire bats (Volcano)
  A basilisk (Lair:1)
  3 steam dragons
  3 wargs (D:8)
  2 hell hounds (Lair:1)
  A water moccasin (Lair:1)
  2 orc warriors
  A black bear (D:5)
  A sky beast (D:7)
  8 ogres
  A phantom (D:6)
  A centaur (D:7)
  A kobold brigand (D:9)
  4 bullfrogs
  A scorpion (D:6)
  A necrophage (D:4)
  5 wights (D:7)
  13 killer bees
  An electric eel (D:10)
  7 lava snakes (Volcano)
  A hound (D:4)
  4 jellies
  8 orc priests
  An iguana (D:5)
  13 orc wizards
  3 adders
  A shadow imp (D:6)
  2 worms
  A dart slug (D:2)
  24 orcs
  3 ball pythons
  13 endoplasms
  3 giant cockroaches
  11 goblins
  3 hobgoblins
  2 jackals (D:1)
  A quokka (D:1)
  5 bats
  6 frilled lizards
  9 kobolds
  8 rats
200 creatures vanquished.

Vanquished Creatures (others)
  An orc (D:7)
  5 fungi
  A plant (D:8)
7 creatures vanquished.

Grand Total: 207 creatures vanquished

Notes
Turn   | Place    | Note
-------+----------+-------------------------------------------
     0 | D:1      | KennySheep the Armataur Brigand began the quest for the
                  | Orb.
     0 | D:1      | Reached XP level 1. HP: 18/18 MP: 1/1
   165 | D:1      | Found Hali's General Store.
   186 | D:1      | Reached XP level 2. HP: 25/25 MP: 2/2
   833 | D:2      | Reached XP level 3. HP: 27/31 MP: 3/3
  1027 | D:2      | Identified the +4 mace of Tenacity {protect, +Blink rC+
                  | Int+4}
  1059 | D:2      | Reached skill level 1 in Shields
  1618 | D:3      | Identified the ring "Mizxuz" {rPois rC+ MP-9 Int+3 Slay+3}
  1813 | D:3      | Reached XP level 4. HP: 38/38 MP: 0/4
  2162 | D:4      | Reached skill level 5 in Stealth
  2185 | D:4      | Noticed a necrophage
  2206 | D:4      | Killed a necrophage
  2207 | D:4      | Reached XP level 5. HP: 44/44 MP: 0/5
  2811 | D:5      | Entered Level 5 of the Dungeon
  2906 | D:5      | Noticed a black bear
  2916 | D:5      | Killed a black bear
  2917 | D:5      | Reached XP level 6. HP: 48/54 MP: 0/6
  3376 | D:5      | Identified the +6 rapier "Lokyt" {freeze, *Corrode Fragile
                  | Int+9 Stlth+}
  3579 | D:5      | Reached XP level 7. HP: 35/60 MP: 0/7
  3680 | D:5      | Found a staircase to the Ecumenical Temple.
  3833 | Temple   | Entered the Ecumenical Temple
  3833 | Temple   | Found a transporter.
  3833 | Temple   | Found a transporter.
  3835 | Temple   | Found a transporter.
  3835 | Temple   | Found a transporter.
  3861 | Temple   | Became a worshipper of the Wu Jian Council
  4036 | D:6      | Reached skill level 5 in Short Blades
  4083 | D:6      | Noticed Maggie
  4393 | D:6      | Killed Maggie
  4394 | D:6      | Reached XP level 8. HP: 21/70 MP: 0/8
  4815 | D:6      | Noticed an oklob plant
  5132 | D:1      | Bought a +1 hat of stealth for 160 gold pieces
  5372 | D:7      | Reached skill level 1 in Armour
  5610 | D:7      | Reached skill level 5 in Shields
  5811 | D:6      | Reached * piety under Wu Jian
  5905 | D:7      | Found a shimmering altar of Xom.
  5913 | D:7      | Found a snail-covered altar of Cheibriados.
  6248 | D:7      | Reached XP level 9. HP: 6/78 MP: 0/9
  6604 | D:8      | Reached skill level 5 in Fighting
  6650 | D:8      | Found a staircase to the Lair.
  7606 | D:8      | Noticed a kobold demonologist
  7609 | D:8      | Killed a kobold demonologist
  7611 | D:8      | Reached ** piety under Wu Jian
  7804 | D:9      | Reached XP level 10. HP: 71/88 MP: 1/10
  8479 | D:9      | Found a runed translucent door.
  8484 | D:9      | Noticed jlumianski's ghost (journeyman DsFi)
  8605 | D:10     | Entered Level 10 of the Dungeon
  8662 | D:10     | Found a flagged portal.
  8672 | Bailey   | Entered a bailey
  8681 | Bailey   | Reached skill level 5 in Armour
  9004 | Bailey   | Noticed a two-headed ogre
  9129 | Bailey   | Killed a two-headed ogre
  9882 | Lair:1   | Entered Level 1 of the Lair of Beasts
  9883 | Lair:1   | Identified a scroll of acquirement
  9885 | Lair:1   | Acquired the +0 barding "Xid Rofidghe" {-Tele rPois rC+
                  | rCorr}
  9939 | Lair:1   | Noticed a cane toad
  9984 | Lair:1   | Found a dark tunnel.
  9998 | Volcano  | Entered a volcano
 10146 | Volcano  | Reached XP level 11. HP: 41/97 MP: 2/11
 10151 | Volcano  | Reached *** piety under Wu Jian
 10635 | Volcano  | Noticed an obsidian statue
 10635 | Volcano  | Noticed a two-headed ogre
 10638 | Volcano  | Found a burning altar of Makhleb.
 10638 | Volcano  | Noticed a hell knight
 10638 | Volcano  | Noticed an ogre mage
 10638 | Volcano  | Noticed a two-headed ogre
 10638 | Volcano  | Killed a two-headed ogre
 10655 | Volcano  | Killed from afar by a smoke demon

Illustrated notes

Levels and vault maps discovered:
D:1:      tarquinn_simple_flora_water_d, layout_basic, serial_shops, shop
D:2:      layout_loops_ring, kennysheep_another_room
D:3:      layout_loops_cross
D:4:      layout_loops_cross, palyth_stone_intersect, kennysheep_minor_cross
D:5:      layout_loops_ring, minmay_temple_entry_poolview, grunt_decor_cap,
          minmay_a_box_with_orc_wizards_in_it
D:6:      lemuel_slime, layout_loops_ring, uniq_maggie
D:7:      layout_cave_pools, mainiacjoe_overflow_big_doors
D:8:      layout_basic, erik_lair_orcish_takeover, grunt_decor_junction
D:9:      layout_basic, ebering_ghost_reflecting_pool
D:10:     layout_cave_pods, lemuel_crystal_altar, erik_orc_4, enter_bailey_1,
          kennysheep_cross_room, hangedman_ranch
Temple:   hellmonk_temple_divided_pantheon
Lair:1:   layout_loops_ring, enter_volcano_3, infiniplex_staircase_pool_2
Volcano:  volcano_grotto [vgs_trial_by_fire]

Skill      XL: |  1  2  3  4  5  6  7  8  9 10 |
---------------+-------------------------------+-----
Short Blades   | 2 3 4 6 7 8 9 |  9.9
Fighting       | 2 3 4 5 6 |  6.9
Shields        | 1 2 3 4 5 6 7 |  7.9
Stealth        | 5 6 7 8 9 |  9.9
Armour         | 2 4 6 |  6.8
Throwing       | |  1.7
Dodging        | |  0.6

Action                     |  1- 3 |  4- 6 |  7- 9 | 10-12 || total
---------------------------+-------+-------+-------+-------++-------
  Melee: Dagger            |   115 |    91 |    59 |       ||   265
         Tailslap          |     7 |    11 |    29 |    18 ||    65
         Rapier            |       |       |   175 |   164 ||   339
  Throw: Dart              |       |     7 |     4 |       ||    11
         Throwing net      |       |       |     2 |       ||     2
Ability: Whirlwind         |       |       |    13 |     5 ||    18
  Evoke: Wand              |       |       |       |     6 ||     6
    Use: Scroll            |     3 |       |    10 |     7 ||    20
         Potion            |     2 |     6 |     2 |     3 ||    13
   Stab: Sleeping          |    16 |     4 |    14 |     9 ||    43
         Held in net/web   |       |       |     1 |       ||     1
 Armour: Robe              |    25 |    20 |     5 |       ||    50
         Swamp dragon scal |       |       |    59 |    56 ||   115
  Dodge: Dodged            |    25 |    16 |    40 |    42 ||   123
  Block: Kite shield       |    24 |    15 |    73 |    93 ||   205

Table legend: (Time is in decaauts)
 A = Elapsed time spent in this place.
 B = Non-inter-level travel time spent in this place.
 C = Inter-level travel time spent in this place.
 D = Time resting spent in this place.
 E = Time spent auto-exploring this place.
 F = Levels seen in this place.
 G = Mean time per level.
                   A        B        C        D        E       F      G
               +--------+--------+--------+--------+--------+-----+--------+
         Total |  10625 |  10098 |    527 |   2654 |   5159 |  14 |  758.9 |
       Dungeon |   9126 |   8599 |    527 |   1771 |   5100 |  10 |  912.6 |
        Temple |     44 |     44 |      0 |      0 |      0 |   1 |   44.0 |
          Lair |    115 |    115 |      0 |      0 |     27 |   1 |  115.0 |
        Bailey |    691 |    691 |      0 |    485 |     32 |   1 |  691.0 |
       Volcano |    648 |    648 |      0 |    398 |      0 |   1 |  648.0 |
               +--------+--------+--------+--------+--------+-----+--------+

Top non-repeatable levels by time:
     D:6: 1372 daAuts
     D:8: 1248 daAuts
     D:5: 1223 daAuts
     D:9: 982 daAuts
     D:7: 894 daAuts
     D:4: 799 daAuts
     D:1: 794 daAuts
     D:2: 752 daAuts
  Bailey: 691 daAuts
     D:3: 656 daAuts
 Volcano: 648 daAuts
    D:10: 402 daAuts
  Lair:1: 115 daAuts
  Temple: 44 daAuts
